 Dungeon Crawl Stone Soup version 0.21.1-1-g345015f (webtiles) character file.

291 infcreate the Chopper (level 6, 0/55 HPs)
             Began as a Minotaur Fighter on June 17, 2018.
             Killed by nerve-wracking pain
             ... invoked by an orc priest
              (4 damage)
             ... on level 4 of the Dungeon.
             The game lasted 00:14:26 (2641 turns).

infcreate the Chopper (Minotaur Fighter)            Turns: 2641, Time: 00:14:27

Health: 0/55       AC:  7    Str: 22    XL:     6   Next: 10%
Magic:  5/5        EV:  7    Int:  5    God:
Gold:   111        SH: 11    Dex: 10    Spells: 5/5 levels left

rFire    . . .     SeeInvis .   a - +0 war axe
rCold    . . .     Gourm    .   c - +1 shield
rNeg     . . .     Faith    .   b - +0 scale mail
rPois    .         Spirit   .   (helmet restricted)
rElec    .         Reflect  .   (no cloak)
rCorr    .         Harm     .   (no gloves)
MR       +....                  (no boots)
Stlth    ..........             h - amulet of rage
HPRegen  0.18/turn              o - ring of protection from magic
MPRegen  0.09/turn              (no ring)

@: no status effects
A: retaliatory headbutt, horns 2
a: Evoke Berserk Rage


You were on level 4 of the Dungeon.
You were not hungry.

You visited 1 branch of the dungeon, and saw 4 of its levels.

You collected 111 gold pieces.

Inventory:

Hand Weapons
 a - a +0 war axe (weapon)
Armour
 b - a +0 scale mail (worn)
 c - a +1 shield (worn)
Jewellery
 h - an amulet of rage (around neck)
 o - a ring of protection from magic (left hand)
Scrolls
 e - a scroll of teleportation
 l - a scroll of remove curse
Potions
 d - 2 potions of might
 g - a potion of haste {unknown}
 j - a potion of agility {unknown}
 k - 2 potions of heal wounds {unknown}
 m - 2 potions of curing {unknown}
Comestibles
 f - 9 rations
 i - 2 chunks of flesh


   Skills:
 + Level 4.9 Fighting
 + Level 5.6 Axes
 + Level 4.7 Armour
 + Level 4.6 Shields


You had 5 spell levels left.
You didn't know any spells.

Dungeon Overview and Level Annotations

Branches:
Dungeon (4/15)
 Temple: D:4-7

Altars:
Nemelex Xobeh
Zin


Innate Abilities, Weirdness & Mutations

You reflexively headbutt those who attack you in melee.
You have a pair of horns on your head.


Message History

You kill the orc!
The orc priest calls down the wrath of Beogh upon you.
Pain shoots through your body!
* * * LOW HITPOINT WARNING * * *
The orc priest invokes the aid of Beogh against you.
You resist with some effort. You block the orc priest's attack.
The orc priest calls upon Beogh to heal the orc priest.
The orc priest is healed somewhat.
Items here: ) [ ††† a leather armour; a giant spiked club; an ogre corpse; an adder corpse x2
You barely miss the orc priest. You headbutt the orc priest!
The orc priest is severely wounded.
Your shield and scale mail prevent you from hitting the orc priest.
The orc priest invokes the aid of Beogh against you.
Pain shoots through your body!
* * * LOW HITPOINT WARNING * * *
The orc priest invokes the aid of Beogh against you.
Pain shoots through your body!
You die...

#. ... . .. ..#
#.####.#..#
...#.... #
.....##.#..
#........#
#.#####o..#
.......o##########
.......o@...<....#
..#####.########.#
#.# #.# ... ...
[... ....#


You could see 2 orc priests and an orc.

Vanquished Creatures
  An ogre (D:4)
  An orc wizard (D:3)
  4 adders
  7 gnolls (D:3)
  A dart slug (D:1)
  2 leopard geckos
  6 orcs
  3 giant cockroaches
  6 hobgoblins
  8 kobolds
  2 quokkas (D:2)
  A ball python (D:2)
  10 bats
  3 frilled lizards
  A giant cockroach zombie (D:3)
  8 goblins
  9 rats
73 creatures vanquished.

Notes
Turn   | Place    | Note
-------+----------+-------------------------------------------
     0 | D:1      | infcreate the Minotaur Fighter began the quest for the Orb.
     0 | D:1      | Reached XP level 1. HP: 19/19 MP: 0/0
   216 | D:1      | Reached XP level 2. HP: 27/27 MP: 1/1
   627 | D:2      | Reached skill level 3 in Axes
   661 | D:2      | Reached XP level 3. HP: 33/33 MP: 2/2
   957 | D:2      | Found a sparkling altar of Nemelex Xobeh.
  1483 | D:3      | Reached XP level 4. HP: 37/41 MP: 3/3
  1485 | D:3      | Reached skill level 4 in Axes
  1785 | D:3      | Reached XP level 5. HP: 47/47 MP: 4/4
  2146 | D:3      | Found a glowing silver altar of Zin.
  2621 | D:4      | Reached skill level 5 in Axes
  2626 | D:4      | Noticed an ogre
  2636 | D:4      | Killed an ogre
  2636 | D:4      | Reached XP level 6. HP: 10/55 MP: 5/5
  2641 | D:4      | Killed from afar by an orc priest

Skill      XL: |  1  2  3  4  5 |
---------------+----------------+-----
Fighting       | 4 |  4.9
Shields        | 4 |  4.6
Axes           | 3 4 5 |  5.6
Armour         | 4 |  4.7

Action                   |  1- 3 |  4- 6 || total
-------------------------+-------+-------++-------
Melee: War axe           |    92 |    95 ||   187
       Headbutt          |    17 |    11 ||    28
  Use: Scroll            |     4 |     2 ||     6
  Eat: Chunk             |     2 |     4 ||     6
Armor: Scale mail        |    28 |    40 ||    68
       Plate armour      |    16 |       ||    16
Dodge: Dodged            |    22 |    25 ||    47
Block: Shield            |    45 |    41 ||    86
